 Dungeon Crawl Stone Soup version 0.29.1-13-g9f3cf754e1 (webtiles) character file.

Game seed: 11310460347483211587

67 shadowmeld the Insei (level 4, 0/35 HPs)
             Began as a Djinni Monk on Jan 29, 2023.
             Slain by an ogre
             ... wielding a +0 giant club
              (3 damage)
             ... on level 2 of the Dungeon.
             The game lasted 00:06:35 (2056 turns).

shadowmeld the Insei (Djinni Monk)                  Turns: 2056, Time: 00:06:35

Health: 0/35       AC: 20    Str: 12    XL:     4   Next: 38%
Gold:   75         EV:  6    Int: 11    God:
                   SH:  0    Dex: 19

rFire   + + .      SeeInvis .     - Unarmed
rCold   x . .      Faith    .   (no shield)
rNeg    . . .      Spirit   .   k - +12 chain mail of Xom's Whim {Harm Dex+3}
rPois   ∞          Reflect  .   (no helmet)
rElec   .          Harm     +   (no cloak)
rCorr   .          Rampage  .   (no gloves)
Will    .....                   (boots unavailable)
Stlth   ..........              (no amulet)
HPRegen 0.11/turn               (no ring)
MPRegen 0.00/turn               (no ring)

@: about to teleport, flying
A: sickness immunity, fire resistance 2, cold vulnerability 1, float, innate
caster, HP casting, extra vitality 1
a: no special abilities


You were on level 2 of the Dungeon.
You visited 1 branch of the dungeon, and saw 2 of its levels.

You collected 75 gold pieces.

Inventory:

Armour
 a - a +0 robe
 k - the +12 chain mail of Xom's Whim (worn) {Harm Dex+3}
   (You found it on level 2 of the Dungeon)

   Dex:       It affects your dexterity (+3).
   Harm:      It increases damage dealt and taken.
Scrolls
 c - a scroll of enchant armour {unknown}
 d - a scroll of teleportation
 f - a scroll of noise {unknown}
 g - a scroll of poison {unknown}
 i - a scroll of summoning {unknown}
 j - a scroll of identify {unknown}
 l - a scroll of silence {unknown}
Potions
 b - a potion of ambrosia
 e - a potion of might {unknown}
 h - a potion of berserk rage {unknown}


   Skills:
 * Level 3.3 Fighting
 * Level 0.9 Armour
 * Level 3.7 Dodging
 - Level 1.5 Stealth
 * Level 4.0 Unarmed Combat
 * Level 0.5 Spellcasting


You had 3 spell levels left.
You knew the following spells:

 Your Spells              Type           Power      Damage    Failure   Level
a - Sandblast             Erth           2%         2d4       100%        1
Your spell library was empty.


Dungeon Overview and Level Annotations

Branches:
Dungeon (2/15)

Altars:


Innate Abilities, Weirdness & Mutations

You are immune to sickness and miasma.
You are immune to poison.
Your flesh is very heat resistant. (rF++)
You are vulnerable to cold. (rC-)
You float through the air rather than walking.
You learn spells naturally, not from books.
Your magical power is your life essence.
You have superior vitality. (+4 MHP)


Message History

Robin is heavily wounded.
Robin completely misses you.
The goblin hits you but does no damage. x2
You hit Robin but do no damage.
Robin is heavily wounded.
The goblin hits you but does no damage. x2
You barely miss Robin.
Robin is heavily wounded.
The goblin hits you with a +0 dagger. Robin hits you but does no damage.
The goblin barely misses you.
You barely miss Robin.
Robin is heavily wounded.
The goblin hits you but does no damage. x2
You hit Robin. Your punch misses Robin.
Robin is heavily wounded.
The goblin hits you but does no damage. The goblin completely misses you.
You punch Robin!
You kill Robin!
The goblin barely misses you. x2
You punch the goblin!
You kill the goblin!
The goblin no longer looks unusually strong.
The hobgoblin no longer looks unusually strong.
The goblin hits you with a +0 dagger. The goblin hits you but does no damage.
You hit the goblin.
You kill the goblin!
The goblin hits you but does no damage. The hobgoblin barely misses you.
Your Unarmed Combat skill increases to level 4!
You hit the hobgoblin.
You kill the hobgoblin!
The goblin barely misses you.
You hit the goblin.
The goblin is heavily wounded.
The goblin completely misses you. The ogre hits you with a +0 giant club!
* * * LOW HITPOINT WARNING * * *
As you read the scroll of teleportation, it crumbles to dust.
You feel strangely unstable. The goblin hits you but does no damage.
You punch the goblin!
You kill the goblin!
The ogre hits you with a +0 giant club.
You die...

..#....#..........#
###...##..........#
..#.#.#######.########
....#.#######.##.....#
..[.........#.##.....####
###.#....................
...........##.........#
...........#..##))..)##
.............###@O...#
............. ###)###
..†........#..........#
................##....#
.............## #....#
..........## .....#
...#......# ......
..#...##..# #...g.# #.
.### .. #.###..


You could see an ogre.

Vanquished Creatures
  Robin (D:2)
  An adder (D:2)
  A worm (D:2)
  3 endoplasms
  2 giant cockroaches (D:1)
  13 goblins
  3 hobgoblins
  A quokka (D:1)
  8 ball pythons (D:1)
  2 bats (D:1)
  A frilled lizard (D:1)
  5 kobolds (D:1)
  A rat (D:2)
42 creatures vanquished.

Vanquished Creatures (others)
  6 plants (D:1)
6 creatures vanquished.

Grand Total: 48 creatures vanquished

Notes
Turn   | Place    | Note
-------+----------+-------------------------------------------
     0 | D:1      | shadowmeld the Djinni Monk began the quest for the Orb.
     0 | D:1      | Reached XP level 1. HP: 20/20 MP: 0/0
   194 | D:1      | Found a faded altar of an unknown god.
   255 | D:1      | Reached XP level 2. HP: 24/25 MP: 0/0
   924 | D:1      | Reached XP level 3. HP: 22/30 MP: 0/0
   924 | D:1      | Learned a level 1 spell: Sandblast
  1761 | D:2      | Identified the +12 chain mail of Xom's Whim {Harm Dex+3}
  2021 | D:2      | Noticed Robin
  2023 | D:2      | Noticed an ogre
  2033 | D:2      | Reached XP level 4. HP: 32/35 MP: 0/0
  2050 | D:2      | Killed Robin
  2053 | D:2      | Reached skill level 4 in Unarmed Combat
  2056 | D:2      | Slain by an ogre

Illustrated notes

Levels and vault maps discovered:
D:1:      wander_arrival_estate, layout_basic,
          shapermc_ecumenical_altar_mp_ritualfount, st_stairs_8,
          grunt_decor_mini_mirrors, minmay_shallow_snake_nest
D:2:      layout_rooms, uniq_robin

Skill      XL: |  1  2  3  4 |
---------------+-------------+-----
Unarmed Combat | 4 |  4.0
Fighting       | |  3.3
Armour         | |  0.9
Dodging        | |  3.7
Stealth        | |  1.5
Spellcasting   | |  0.5

Action                   |  1- 3 |  4- 6 || total
-------------------------+-------+-------++-------
Melee: Unarmed           |   124 |    23 ||   147
       Punch             |     3 |     2 ||     5
  Use: Scroll            |     1 |     1 ||     2
 Stab: Sleeping          |     1 |       ||     1
Armor: Robe              |    14 |       ||    14
       Chain mail        |    14 |    21 ||    35
Dodge: Dodged            |    75 |    13 ||    88
